 Dungeon Crawl Stone Soup version 0.23.2-1-ga50397a6bc (webtiles) character file.

Game seed: 6494477694314169160

368 Mrkan the Ruffian (level 6, -5/61 HPs)
             Began as a Troll Monk on May 14, 2019.
             Was a Follower of Ru.
             Blown up by Ijyb (17 damage)
             ... with a wand of disintegration (6)
             ... on level 5 of the Dungeon.
             The game lasted 00:06:37 (2893 turns).

Mrkan the Ruffian (Troll Monk)                      Turns: 2893, Time: 00:06:38

Health: -5/61      AC:  6    Str: 20    XL:     6   Next: 41%
Magic:  5/5        EV:  9    Int:  8    God:    Ru [*.....]
Gold:   207        SH:  0    Dex: 12    Spells: 5/5 levels left

rFire    . . .     SeeInvis .     - Unarmed
rCold    . . .     Gourm    +   (no shield)
rNeg     . . .     Faith    .   a - +0 robe
rPois    .         Spirit   .   (helmet restricted)
rElec    .         Reflect  .   (no cloak)
rCorr    .         Harm     .   (gloves unavailable)
MR       .....                  (boots unavailable)
Stlth    ++........             (no amulet)
HPRegen  0.60/turn              (no ring)
MPRegen  0.09/turn              (no ring)

@: no status effects
A: large, unfitting armour, claws 3, fast metabolism 3, gourmand, regeneration
1, shaggy fur 1, tough skin 3, inability to train dodging
a: Renounce Religion


You were on level 5 of the Dungeon.
You worshipped Ru.
Ru was aware of your devotion.
You were very hungry.

You visited 1 branch of the dungeon, and saw 5 of its levels.

You collected 207 gold pieces.

Inventory:

Missiles
 f - 8 poisoned needles
Armour
 a - a +0 robe (worn)
Jewellery
 c - an uncursed amulet of faith {unknown}
 k - an uncursed ring of flight {unknown}
Wands
 t - a wand of digging (7)
 v - a wand of polymorph (9)
Scrolls
 j - 2 scrolls of amnesia {unknown}
 l - 2 scrolls of remove curse {unknown}
 m - 4 scrolls of identify {unknown}
 n - 2 scrolls of enchant armour {unknown}
 p - a scroll of fear {unknown}
 u - a scroll of teleportation {unknown}
Potions
 d - a potion of flight {unknown}
 e - a potion of resistance {unknown}
 g - 4 potions of lignification {unknown}
 h - 3 potions of degeneration {unknown}
 i - 2 potions of agility {unknown}
 o - 2 potions of brilliance {unknown}
 q - 3 potions of curing {unknown}
 r - a potion of heal wounds {unknown}
 s - a potion of ambrosia {unknown}
 w - a potion of haste {unknown}
Comestibles
 b - 8 rations


   Skills:
 + Level 3.0 Fighting
 - Level 1.0 Stealth
 * Level 7.0 Unarmed Combat


You had 5 spell levels left.
You didn't know any spells.
Your spell library was empty.

Dungeon Overview and Level Annotations

Branches:
Dungeon (5/15)
 Temple: D:4-7

Altars:
Elyvilon
Hepliaklqana
Nemelex Xobeh
Ru
Vehumet

Annotations:
D:5 Ijyb


Innate Abilities, Weirdness & Mutations

You are too large for most types of armour.
You have claws for hands.
Your metabolism is lightning-fast.
You like to eat raw meat.
Your natural rate of healing is unusually fast.
You are covered in fur. (AC +1)
You have extremely tough skin. (AC +3)
You cannot train Dodging skill.


Message History

Ijyb is severely wounded.
Ijyb zaps a wand.
You are blasted!
You scratch Ijyb.
Ijyb is severely wounded.
Ijyb completely misses you.
You barely miss Ijyb.
Ijyb is severely wounded.
The ogre barely misses you. Ijyb hits you but does no damage.
You closely miss Ijyb.
Ijyb is severely wounded.
The quokka barely misses you.
The ogre hits you with a cursed -3 giant spiked club!!
* * * LOW HITPOINT WARNING * * *
Ijyb zaps a wand.
You are blasted!
* * * LOW HITPOINT WARNING * * *
You scratch Ijyb.
Ijyb is almost dead.
The quokka bites you but does no damage.
Ijyb zaps a wand.
You are blasted!
You die...

............. .
...........) .
...........#.##.
...........#....
.............#.$ ...
..............# ....
.......O....>####....
.......g@r...........
#...###............#
# ####.#...........#
##.#............(.#
##...........<....#
#..).#.........#..#
#...##.......### #
#..#####....## ####
#.####


You could see an ogre, Ijyb and a quokka.

Vanquished Creatures
  A scorpion (D:5)
  A bullfrog skeleton (D:4)
  Natasha (thrice) (D:3)
  A worker ant (D:4)
  3 gnolls (D:3)
  A howler monkey skeleton (D:4)
  7 adders
  2 oozes (D:3)
  A worm (D:3)
  A dart slug (D:4)
  2 leopard geckos
  2 orcs
  3 giant cockroaches
  9 hobgoblins
  16 jackals
  7 kobolds
  4 quokkas
  6 bats
  A frilled lizard (D:1)
  5 goblins
  3 rats
79 creatures vanquished.

Notes
Turn   | Place    | Note
-------+----------+-------------------------------------------
     0 | D:1      | Mrkan the Troll Monk began the quest for the Orb.
     0 | D:1      | Reached XP level 1. HP: 22/22 MP: 0/0
   188 | D:1      | Reached XP level 2. HP: 16/29 MP: 1/1
   745 | D:2      | Found a white marble altar of Elyvilon.
   938 | D:2      | Reached skill level 4 in Unarmed Combat
   938 | D:2      | Reached XP level 3. HP: 36/36 MP: 2/2
   940 | D:2      | Found a radiant altar of Vehumet.
  1373 | D:2      | Reached XP level 4. HP: 43/44 MP: 3/3
  1439 | D:3      | Noticed Natasha
  1444 | D:3      | Killed Natasha
  1444 | D:3      | Reached skill level 5 in Unarmed Combat
  1491 | D:3      | Noticed Natasha
  1500 | D:3      | Killed Natasha
  1500 | D:3      | Reached XP level 5. HP: 22/52 MP: 4/4
  1651 | D:3      | Found a sparkling altar of Nemelex Xobeh.
  1733 | D:3      | Noticed Natasha
  1766 | D:3      | Killed Natasha
  1927 | D:3      | Reached skill level 6 in Unarmed Combat
  2331 | D:4      | Reached XP level 6. HP: 51/61 MP: 5/5
  2491 | D:4      | Found a sacrificial altar of Ru.
  2564 | D:4      | Found a hazy altar of Hepliaklqana.
  2778 | D:4      | Became a worshipper of Ru the Awakened
  2789 | D:4      | Gained mutation: You cannot train Dodging skill. [Ru
                  | sacrifice]
  2789 | D:4      | Reached * piety under Ru
  2854 | D:5      | Entered Level 5 of the Dungeon
  2872 | D:5      | Noticed Ijyb
  2884 | D:5      | Reached skill level 7 in Unarmed Combat
  2893 | D:5      | Blown up by Ijyb

Skill      XL: |  1  2  3  4  5  6 |
---------------+-------------------+-----
Unarmed Combat | 4 5 6 7 |  7.0
Fighting       | 3 |  3.0
Dodging        | 0 |  0.0
Stealth        | |  1.0

Action                   |  1- 3 |  4- 6 || total
-------------------------+-------+-------++-------
Melee: Unarmed           |    98 |   160 ||   258
       Punch             |       |     4 ||     4
Invok: Sacrifice Nimblen |       |     1 ||     1
 Stab: Sleeping          |       |     5 ||     5
  Eat: Chunk             |     6 |    13 ||    19
       Ration            |     1 |       ||     1
Armor: Robe              |    64 |    55 ||   119
Dodge: Dodged            |    81 |    76 ||   157
